 Dungeon Crawl Stone Soup version 0.23.2-1-ga50397a (webtiles) character file.

Game seed: 10936717807100917539

1005 Iscandelvey the Magician (level 8, 51/55 HPs)
             Began as a Demonspawn Arcane Marksman on Apr 17, 2019.
             Was an Initiate of Kikubaaqudgha.
             Quit the game on level 4 of the Dungeon.
             The game lasted 00:38:21 (7815 turns).

Iscandelvey the Magician (DsAM)                     Turns: 7815, Time: 00:38:21

Health: 51/55      AC:  5    Str: 16    XL:     8   Next: 0%
Magic:  14/16      EV: 14    Int: 16    God:    Kikubaaqudgha [......]
Gold:   283        SH:  5    Dex: 18    Spells: 14/17 levels left

rFire    . . .     SeeInvis .   C - +0 dagger (venom)
rCold    . . .     Gourm    .   k - +0 buckler
rNeg     . . .     Faith    .   e - +0 robe
rPois    .         Spirit   .   (no helmet)
rElec    .         Reflect  .   (no cloak)
rCorr    .         Harm     .   z - +1 pair of gloves
MR       .....                  (no boots)
Stlth    ++........             (no amulet)
HPRegen  0.18/turn              m - +4 ring of dexterity
MPRegen  0.15/turn              n - +5 ring of strength

@: no status effects
A: rugged brown scales 1, demonic guardian 1, powered by death 2
a: Renounce Religion


You were on level 4 of the Dungeon.
You worshipped Kikubaaqudgha.
Kikubaaqudgha was noncommittal.
You were very hungry.

You visited 1 branch of the dungeon, and saw 4 of its levels.

You collected 283 gold pieces.

Inventory:

Hand Weapons
 a - a +0 hand crossbow
 i - a +0 hunting sling
 l - a +0 short sword
 w - a +0 rapier
 C - a +0 dagger of venom (weapon)
Missiles
 d - 16 bolts
 v - 285 stones
 F - 11 tomahawks (quivered)
Armour
 e - a +0 robe (worn)
 j - a +0 shield
 k - a +0 buckler (worn)
 z - a +1 pair of gloves (worn)
Jewellery
 g - an uncursed amulet of faith
 m - a +4 ring of dexterity (left hand)
 n - a +5 ring of strength (right hand)
 p - an uncursed ring of fire
 s - an uncursed ring of wizardry
 D - an uncursed ring of magical power
Wands
 I - a wand of random effects (20)
Scrolls
 o - a scroll of remove curse
 r - 3 scrolls of enchant weapon
 u - 4 scrolls of teleportation
 x - a scroll of immolation
 y - a scroll of random uselessness
 A - a scroll of amnesia
 G - 2 scrolls of noise {unknown}
 J - 2 scrolls of identify
Potions
 b - a potion of flight {unknown}
 c - a potion of degeneration {unknown}
 h - 3 potions of haste {unknown}
 q - 2 potions of might {unknown}
 t - a potion of agility {unknown}
 B - a potion of heal wounds {unknown}
 E - a potion of ambrosia {unknown}
 H - a potion of curing
Comestibles
 f - 9 rations
 K - 4 chunks of flesh


   Skills:
 - Level 1.0 Fighting
 - Level 4.2 Crossbows
 + Level 4.1 Dodging
 * Level 2.9 Shields
 * Level 5.3 Spellcasting
 - Level 3.3 Hexes
 * Level 0.5 Necromancy


You had 14 spell levels left.
You knew the following spells:

 Your Spells              Type           Power        Failure   Level  Hunger
a - Corona                Hex            ##.....      4%          1    None
b - Slow                  Hex            ##......     7%          2    #......

Your spell library contained the following spells:

 Spells                   Type           Power        Failure   Level  Hunger
 Inner Flame              Hex/Fire       #.......     26%         3    ###....
 Portal Projectile        Hex/Tloc       #.....       26%         3    ###....
 Cause Fear               Hex            ##........   41%         4    ####...
 Leda's Liquefaction      Hex/Erth       #.........   65%         4    ####...


Dungeon Overview and Level Annotations

Branches:
Dungeon (4/15)
 Temple: D:4-7

Altars:
Ashenzari
Kikubaaqudgha
Makhleb
Okawaru
Qazlal
Yredelemnul


Innate Abilities, Weirdness & Mutations

You are partially covered in rugged brown scales. (AC +1, +3% HP)
A weak demonic guardian rushes to your aid.
You regenerate health from kills.


Message History

You hit the howler monkey but do no damage.
The howler monkey looks as sick as possible!
The howler monkey is almost dead.
You kill the howler monkey!
Kikubaaqudgha accepts your kill.
You have reached level 8!
You feel stronger.
Your demonic ancestry asserts itself...
You feel the presence of a demonic guardian.
J - 2 scrolls of identify (gained 1)
Things that are here:
a +0 hand axe; an orc corpse You butcher the orc corpse.
K - 4 chunks of flesh
Things that are here:
a +0 hand axe; an orc skeleton
There is a stone staircase leading up, spattered with blood here.
Welcome back, Iscandelvey the Demonspawn Arcane Marksman.
Kikubaaqudgha says: Spread unending torment and darkness!
Press ? for a list of commands and other information.
Are you sure you want to abandon this character and quit the game? (Confirm with "yes".)

##### ### .... ..# ###
#.# #.# #.. ....#.# #.##
#.#.#.# #..##
#.#o##..#..####@).#####
#ao..o.###..............
###.###.#.#####)..#####.
##.## #..## ### #....
##.### #'# ... ### .. ..


There were no monsters in sight!

Vanquished Creatures
  A slave (D:4)
  2 ogres (D:4)
  5 big kobolds
  2 howler monkeys (D:4)
  2 orc wizards (D:3)
  Ijyb (D:4)
  Natasha (thrice) (D:4)
  2 worker ants
  4 gnolls
  4 adders
  2 adder skeletons
  A worm (D:3)
  2 dart slugs
  12 orcs
  14 bats
  A giant cockroach (D:2)
  7 goblins
  12 hobgoblins
  4 jackals (D:4)
  40 kobolds
  A quokka (D:3)
  A ball python (D:3)
  3 frilled lizards
  6 rats
132 creatures vanquished.

Notes
Turn   | Place    | Note
-------+----------+-------------------------------------------
     0 | D:1      | Iscandelvey the Demonspawn Arcane Marksman began the quest
                  | for the Orb.
     0 | D:1      | Reached XP level 1. HP: 15/15 MP: 2/2
   332 | D:1      | Gained mutation: You regenerate a little health from kills.
                  | [demonic ancestry]
   332 | D:1      | Reached XP level 2. HP: 21/21 MP: 3/3
   528 | D:1      | Learned a level 2 spell: Slow
  1783 | D:1      | Gained mutation: You are partially covered in rugged brown
                  | scales. (AC +1, +3% HP) [demonic ancestry]
  1783 | D:1      | Reached XP level 3. HP: 21/26 MP: 0/5
  2447 | D:2      | Reached skill level 2 in Spellcasting
  2916 | D:3      | Found a stormy altar of Qazlal.
  3320 | D:3      | Reached XP level 4. HP: 32/32 MP: 7/7
  4159 | D:3      | Noticed a big kobold
  5402 | D:2      | Killed a big kobold
  5402 | D:2      | Reached skill level 3 in Spellcasting
  5402 | D:2      | Reached XP level 5. HP: 30/38 MP: 4/9
  5603 | D:3      | Reached XP level 6. HP: 41/44 MP: 3/11
  5913 | D:2      | Reached skill level 4 in Spellcasting
  6361 | D:3      | Gained mutation: You regenerate health from kills. [demonic
                  | ancestry]
  6361 | D:3      | Reached XP level 7. HP: 27/49 MP: 10/13
  6648 | D:3      | Reached skill level 1 in Shields
  6721 | D:4      | Noticed Natasha
  6727 | D:4      | Killed Natasha
  6878 | D:4      | Found an iron altar of Okawaru.
  7031 | D:4      | Noticed Ijyb
  7049 | D:4      | Killed Ijyb
  7104 | D:4      | Reached skill level 5 in Spellcasting
  7200 | D:4      | Noticed Natasha
  7217 | D:4      | Killed Natasha
  7302 | D:4      | Found a burning altar of Makhleb.
  7303 | D:4      | Found a basalt altar of Yredelemnul.
  7304 | D:4      | Found a shattered altar of Ashenzari.
  7304 | D:4      | Found an ancient bone altar of Kikubaaqudgha.
  7313 | D:4      | Became a worshipper of Kikubaaqudgha
  7321 | D:4      | Noticed Natasha
  7329 | D:4      | Killed Natasha
  7809 | D:4      | Gained mutation: A weak demonic guardian rushes to your
                  | aid. [demonic ancestry]
  7809 | D:4      | Reached XP level 8. HP: 49/55 MP: 13/16
  7815 | D:4      | Quit the game

Skill      XL: |  1  2  3  4  5  6  7 |
---------------+----------------------+-----
Crossbows      | 2 3 4 |  4.2
Dodging        | 2 3 4 |  4.1
Spellcasting   | 2 3 4 5 |  5.3
Shields        | 2 |  2.9
Fighting       | |  1.0
Hexes          | |  3.3
Necromancy     | |  0.5

Action                   |  1- 3 |  4- 6 |  7- 9 || total
-------------------------+-------+-------+-------++-------
Melee: Short sword       |    90 |       |       ||    90
       Rapier            |    47 |       |       ||    47
       Dagger            |    21 |   265 |   123 ||   409
 Fire: Hand crossbow     |    21 |     5 |     8 ||    34
       Hunting sling     |       |       |     3 ||     3
Throw: Tomahawk          |       |     4 |     2 ||     6
 Cast: Slow              |    10 |    20 |    23 ||    53
       Corona            |     4 |    12 |    11 ||    27
  Use: Scroll            |       |     7 |       ||     7
 Stab: Sleeping          |     2 |       |       ||     2
  Eat: Chunk             |     9 |     6 |     5 ||    20
       Ration            |       |     1 |       ||     1
Armor: Robe              |    66 |    63 |    16 ||   145
Dodge: Dodged            |   171 |   179 |    60 ||   410
Block: Buckler           |       |     4 |    26 ||    30
